 Dungeon Crawl Stone Soup version 0.25.1-2-g60ff931df9 (webtiles) character file.

Game seed: 1310791639602986203

197 HawFromDerth the Magician (level 5, -4/28 HPs)
             Began as a Deep Elf Fire Elementalist on Sept 21, 2020.
             Was a Follower of Sif Muna.
             Slain by Sigmund
             ... wielding a +0 scythe
              (9 damage)
             ... on level 3 of the Dungeon.
             The game lasted 00:10:57 (4528 turns).

HawFromDerth the Magician (DEFE)                    Turns: 4528, Time: 00:10:57

Health: -4/28      AC:  2    Str:  5    XL:     5   Next: 46%
Magic:  9/14       EV: 13    Int: 21    God:    Sif Muna [*.....]
Gold:   141        SH:  0    Dex: 15    Spells: 1/14 levels left

rFire    . . .     SeeInvis .   l - +0 short sword
rCold    . . .     Gourm    .   (no shield)
rNeg     . . .     Faith    .   a - +0 robe
rPois    .         Spirit   .   (no helmet)
rElec    .         Reflect  .   (no cloak)
rCorr    .         Harm     .   (no gloves)
MR       .....                  (no boots)
Stlth    ++........             (no amulet)
HPRegen  0.09/turn              (no ring)
MPRegen  0.14/turn              (no ring)

@: very slightly contaminated
A: no striking features
a: Channel Magic, Renounce Religion


You were on level 3 of the Dungeon.
You worshipped Sif Muna.
Sif Muna was aware of your devotion.
You were not hungry.

You visited 1 branch of the dungeon, and saw 3 of its levels.

You collected 141 gold pieces.

Inventory:

Hand Weapons
 l - a +0 short sword (weapon)
Armour
 a - a +0 robe (worn)
Wands
 m - a wand of acid (8)
Scrolls
 e - 2 scrolls of random uselessness
Potions
 b - 2 potions of lignification
 d - a potion of ambrosia
 g - 2 potions of curing
 i - 2 potions of cancellation {unknown}
 j - a potion of flight {unknown}
 k - a potion of stabbing {unknown}
Comestibles
 c - 7 rations
 f - 2 chunks of flesh


   Skills:
 + Level 0.2 Fighting
 + Level 2.8 Dodging
 + Level 2.8 Stealth
 + Level 0.2 Unarmed Combat
 + Level 5.3 Spellcasting
 + Level 2.5 Conjurations
 + Level 4.7 Fire Magic


You had one spell level left.
You knew the following spells:

 Your Spells              Type           Power        Failure   Level  Hunger
a - Foxfire               Conj/Fire      ###.         2%          1    None
b - Inner Flame           Hex/Fire       ###.....     12%         3    ##.....
c - Sticky Flame          Conj/Fire      ###.....     24%         4    ####...
d - Fireball              Conj/Fire      ###.......   54%         5    #####..

Your spell library contained the following spells:

 Spells                   Type           Power        Failure   Level  Hunger
 Conjure Flame            Conj/Fire      ###.....     7%          3    ##.....


Dungeon Overview and Level Annotations

Branches:
Dungeon (3/15)

Altars:
Elyvilon
Fedhas
Nemelex Xobeh
Ru
Sif Muna
Uskayaw
Xom

Annotations:
D:3 Sigmund


Message History

You're too confused to move!
You feel less confused.
Sigmund hits you from afar with a +0 scythe!
* * * LOW HITPOINT WARNING * * *
You feel better.
Casting: Foxfire (safe; 2% risk of failure)
Confirm with . or Enter, or press ? or * to list all spells.
The spell is potentially lethal to cast (54% risk of failure)!
Continue anyway?
Aiming: Fireball (potentially lethal; 54% risk of failure)
Press: ? - help, Shift-Dir - straight line, f - Sigmund
Aim: Sigmund, wielding a +0 scythe and wearing a +0 robe You miscast Fireball.
You are very lightly contaminated with residual magic.
Sparks fly from your hands!
* * * LOW HITPOINT WARNING * * *
As you read the scroll labeled HARAKL ZYFE, it crumbles to dust.
It is a scroll of identify.
d - a potion of ambrosia Sigmund hits you from afar with a +0 scythe!
You die...

.)..............#........#.#....#
......####.######.####...#.#....#
...................###.....#.÷..#
.....#####.######..#.......#....#
).÷..# ..#.# #..###..........#
[....#.#.#.######..###.÷...###.##
.........#.....................##
.....#..#################..######
...####+# #..@.@..........## #
...# #..###########...# # ...#
#..'....# #.#.# # ...#
#.@####'### #...##### ...#
#..#......# ##..##... ...#
#..#......# #..##.## ...#
#..#...?..# ##..#.#
#######.########..#.#
#.......###.#.#


You could see Sigmund.

Vanquished Creatures
  A centaur zombie (D:3)
  An orc priest (D:3)
  4 adders (D:2)
  3 worms (D:2)
  2 dart slugs
  3 leopard geckos
  3 orcs (D:3)
  A ball python (D:2)
  6 giant cockroaches
  13 goblins
  7 hobgoblins
  6 jackals (D:1)
  9 kobolds
  A quokka (D:2)
  9 bats
  6 frilled lizards (D:2)
  6 rats
81 creatures vanquished.

Vanquished Creatures (others)
  239 foxfires
239 creatures vanquished.

Grand Total: 320 creatures vanquished

Notes
Turn   | Place    | Note
-------+----------+-------------------------------------------
     0 | D:1      | HawFromDerth the Deep Elf Fire Elementalist began the quest
                  | for the Orb.
     0 | D:1      | Reached XP level 1. HP: 10/10 MP: 6/6
   430 | D:1      | Reached XP level 2. HP: 15/15 MP: 2/8
  1121 | D:1      | Reached XP level 3. HP: 19/19 MP: 3/10
  1695 | D:1      | Learned a level 3 spell: Inner Flame
  1932 | D:2      | Reached skill level 4 in Spellcasting
  2197 | D:2      | Reached XP level 4. HP: 24/24 MP: 9/12
  2225 | D:2      | Found a white marble altar of Elyvilon.
  2235 | D:2      | Found a shimmering altar of Xom.
  2266 | D:2      | Found a shimmering blue altar of Sif Muna.
  2329 | D:2      | Became a worshipper of Sif Muna the Loreminder
  2383 | D:2      | Found a blossoming altar of Fedhas.
  2383 | D:2      | Found a sparkling altar of Nemelex Xobeh.
  3415 | D:2      | Learned a level 4 spell: Sticky Flame
  3465 | D:2      | Reached * piety under Sif Muna
  3755 | D:3      | Reached skill level 5 in Spellcasting
  3755 | D:3      | Reached XP level 5. HP: 24/28 MP: 3/14
  3910 | D:3      | Learned a level 5 spell: Fireball
  3981 | D:3      | Found a sacrificial altar of Ru.
  3981 | D:3      | Found a hide-covered altar of Uskayaw.
  4505 | D:3      | Noticed Sigmund
  4528 | D:3      | Slain by Sigmund

Illustrated notes

Levels and vault maps discovered:
D:1:      eino_arrival_water_star, layout_rooms
D:2:      layout_basic, minmay_overflow_temple_star_quad,
          chequers_temple_overflow_statue_of_worship, first_ration
D:3:      layout_basic, gammafunk_temple_overflow_elements,
          kennysheep_pointless_box, kennysheep_generic_room_11, uniq_sigmund

Skill      XL: |  1  2  3  4 |
---------------+-------------+-----
Fire Magic     | 4 |  4.7
Spellcasting   | 4 5 |  5.3
Conjurations   | 2 |  2.5
Fighting       | |  0.2
Dodging        | |  2.8
Stealth        | |  2.8
Unarmed Combat | |  0.2

Action                   |  1- 3 |  4- 6 || total
-------------------------+-------+-------++-------
Melee: Unarmed           |       |     6 ||     6
 Cast: Foxfire           |    86 |    82 ||   168
       Sticky Flame      |       |     3 ||     3
       Inner Flame       |       |     2 ||     2
  Use: Scroll            |       |     4 ||     4
       Potion            |       |     4 ||     4
  Eat: Chunk             |     2 |     6 ||     8
       Ration            |     1 |       ||     1
Armor: Robe              |    10 |     3 ||    13
       Skin              |       |     3 ||     3
Dodge: Dodged            |    52 |    26 ||    78
